 Dungeon Crawl Stone Soup version 0.31-a0-859-g9dce7d3444 (webtiles) character file.

Game seed: 7422004992633518755

302 Maratek the Chopper (level 6, -1/48 HPs)
             Began as a Demonspawn Fighter on Oct 9, 2023.
             Slain by an orc warrior
             ... wielding a +0 halberd
              (10 damage)
             ... on level 4 of the Dungeon.
             The game lasted 00:04:49 (2539 turns).

Maratek the Chopper (Demonspawn Fighter)            Turns: 2539, Time: 00:04:50

Health: -1/48      AC: 10    Str: 18    XL:     6   Next: 14%
Magic:  6/6        EV:  9    Int: 10    God:
Gold:   177        SH:  5    Dex: 18    Spells: 5/5 levels left

rFire   . . .        a - +0 war axe
rCold   . . .        c - +0 buckler
rNeg    . . .        b - +0 scale mail
rPois   .            (no helmet)
rElec   .            h - +0 cloak
rCorr   .            j - +1 pair of gloves
SInv    .            (no boots)
Will    .....        (no amulet) Stlth
                     e - +6 ring of dexterity
HPRegen 1.28/turn    (no ring)
MPRegen 0.10/turn

%: no passive effects
@: no status effects
A: foul stench 2, powered by death 2
a: no special abilities


You were on level 4 of the Dungeon.
You visited 1 branch of the dungeon, and saw 4 of its levels.

You collected 177 gold pieces.

Inventory:

Hand Weapons
 a - a +0 war axe (weapon)
Armour
 b - a +0 scale mail (worn)
 c - a +0 buckler (worn)
 h - a +0 cloak (worn)
 j - a +1 pair of gloves (worn)
Jewellery
 e - a +6 ring of dexterity (left hand)
Potions
 d - 2 potions of might
 f - a potion of haste {unknown}
 g - 2 potions of heal wounds
 i - a potion of berserk rage
 k - a potion of degeneration


   Skills:
 + Level 3.8 Fighting
 + Level 4.0 Axes
 + Level 3.9 Armour
 + Level 0.5 Dodging
 + Level 0.7 Stealth
 + Level 3.3 Shields


You had 5 spell levels left.
You didn't know any spells.
Your spell library contained the following spells:

 Spells                   Type           Power      Damage    Failure   Level
 Apportation              Tloc           0%         N/A       83%         1
 Necrotise                Necr           0%         1d4       83%         1
 Summon Small Mammal      Summ           0%         N/A       83%         1


Dungeon Overview and Level Annotations

Branches:
Dungeon (4/15)
 Temple: D:4-7

Altars:

Shops:
D:1 *[[(

Annotations:
D:2 1 runed translucent door, Crazy Yiuf


Innate Abilities, Weirdness & Mutations

You sometimes emit foul miasma when damaged in melee.
You regenerate health from kills.


Message History

The orc priest shouts!
The orc shouts!
An orc warrior comes into view. It is wielding a +0 halberd.
The orc warrior shouts!
The orc priest hits you but does no damage.
You slash the orc priest!
The orc priest is severely wounded.
You hit the orc. You block the orc's attack. The orc priest barely misses you.
You slash the orc priest!
You kill the orc priest!
You hit the orc. You block the orc's attack.
The orc warrior hits you but does no damage.
Your Axes skill increases to level 4!
You completely miss the orc.
The orc is severely wounded.
You block the orc's attack. The orc warrior barely misses you.
You hit the orc.
You kill the orc!
The orc warrior hits you from afar with a +0 halberd! x2
The orc warrior hits you with a +0 halberd!
You emit a cloud of foul miasma!
You are too injured to fight recklessly!
You are too injured to fight recklessly!
You are too injured to fight recklessly!
You closely miss the orc warrior.
The orc warrior is engulfed in dark miasma.
The orc warrior is poisoned.
The orc warrior hits you with a +0 halberd!
* * * LOW HITPOINT WARNING * * *
You hit the orc warrior.
The orc warrior is heavily wounded.
The orc warrior is engulfed in dark miasma.
The orc warrior looks even sicker.
The orc warrior hits you with a +0 halberd!
* * * LOW HITPOINT WARNING * * *
You barely miss the orc warrior.
The orc warrior is severely wounded.
The orc warrior is engulfed in dark miasma.
The orc warrior looks even sicker.
The orc warrior hits you with a +0 halberd!
You die...

....................#..
#...............<...#..
#...................#..
#...................#..
#...............†...#..
#...................#..
#.......###+######'##..
#.....).# #....##..
#.....@)+ #....##..
#....o..# #......†.
#.......# #........
#.......# #........
+.......# #........
#.......# #........
#.......# #...#####
######### #+##


You could see an orc warrior (very poisoned).

Vanquished Creatures
  An ogre (D:4)
  An orc priest (D:4)
  Terence (D:2)
  4 gnolls (D:2)
  8 adders
  A worm (D:3)
  2 dart slugs
  3 orcs
  3 ball pythons
  5 bats
  5 endoplasms
  A giant cockroach (D:4)
  7 goblins
  5 hobgoblins
  2 quokkas
  3 frilled lizards
  7 kobolds
  2 rats
61 creatures vanquished.

Notes
Turn   | Place    | Note
-------+----------+-------------------------------------------
     0 | D:1      | Maratek the Demonspawn Fighter began the quest for the Orb.
     0 | D:1      | Reached XP level 1. HP: 18/18 MP: 1/1
    49 | D:1      | Found Deomorphu's Assorted Antiques.
   225 | D:1      | Found Qaineta's Armour Shoppe.
   230 | D:1      | Gained mutation: You may rarely emit foul miasma when
                  | damaged in melee. [demonic ancestry]
   230 | D:1      | Reached XP level 2. HP: 16/24 MP: 2/2
   319 | D:1      | Found Sadiwi's Weapon Shoppe.
   455 | D:1      | Found Siagozeg's Armour Emporium.
   691 | D:2      | Reached skill level 2 in Axes
   779 | D:2      | Gained mutation: You regenerate a little health from kills.
                  | [demonic ancestry]
   779 | D:2      | Reached XP level 3. HP: 29/29 MP: 3/3
   814 | D:2      | Gained mutation: You regenerate health from kills. [demonic
                  | ancestry]
   814 | D:2      | Reached XP level 4. HP: 14/35 MP: 4/4
   963 | D:2      | Found a runed translucent door.
   964 | D:2      | Noticed Crazy Yiuf
   984 | D:2      | Noticed Terence
   992 | D:2      | Killed Terence
  1461 | D:3      | Reached XP level 5. HP: 27/41 MP: 5/5
  1551 | D:3      | Reached skill level 3 in Axes
  2274 | D:4      | Noticed an ogre
  2285 | D:4      | Killed an ogre
  2286 | D:4      | Gained mutation: You sometimes emit foul miasma when
                  | damaged in melee. [demonic ancestry]
  2286 | D:4      | Reached XP level 6. HP: 18/48 MP: 6/6
  2529 | D:4      | Noticed an orc warrior
  2534 | D:4      | Reached skill level 4 in Axes
  2539 | D:4      | Slain by an orc warrior

Illustrated notes

Levels and vault maps discovered:
D:1:      orjb1_lava_funnel, layout_loops_cross, serial_shops,
          nicolae_shop_hallway_plus, nicolae_shop_real_fake_doors, shop,
          nicolae_shop_back_alley_shop
D:2:      layout_rooms, uniq_terence, uniq_crazy_yiuf_cottage
D:3:      minmay_inner_zag, layout_loops_ring
D:4:      minmay_clustersquares, layout_gridville,
          nicolae_qazlal_style_of_elements, serial_bayou_crossing

Skill      XL: |  1  2  3  4  5  6 |
---------------+-------------------+-----
Axes           | 2 3 4 |  4.0
Shields        | 3 |  3.3
Armour         | 3 |  3.9
Fighting       | |  3.8
Dodging        | |  0.5
Stealth        | |  0.7

Action                     |  1- 3 |  4- 6 || total
---------------------------+-------+-------++-------
  Melee: War axe           |    65 |    99 ||   164
    Use: Scroll            |       |     4 ||     4
         Potion            |       |     1 ||     1
 Armour: Scale mail        |    56 |    65 ||   121
  Dodge: Dodged            |    41 |    47 ||    88
  Block: Buckler           |    17 |    26 ||    43

Table legend: (Time is in decaauts)
 A = Elapsed time spent in this place.
 B = Non-inter-level travel time spent in this place.
 C = Inter-level travel time spent in this place.
 D = Time resting spent in this place.
 E = Time spent auto-exploring this place.
 F = Levels seen in this place.
 G = Mean time per level.
                   A        B        C        D        E       F      G
               +--------+--------+--------+--------+--------+-----+--------+
         Total |   2612 |   2417 |    195 |    229 |   1732 |   4 |  653.0 |
       Dungeon |   2612 |   2417 |    195 |    229 |   1732 |   4 |  653.0 |
               +--------+--------+--------+--------+--------+-----+--------+

Top non-repeatable levels by time:
     D:3: 935 daAuts
     D:1: 660 daAuts
     D:2: 631 daAuts
     D:4: 385 daAuts
